 Dungeon Crawl Stone Soup version 0.26-a0-1013-gf6ffb0d6bd (webtiles) character file.

Game seed: 9108622495044524572

39 lunkers the Chiller (level 3, -3/19 HPs)
             Began as a Deep Elf Ice Elementalist on Dec 7, 2020.
             Slain by a gnoll
             ... wielding a +0 flail
              (10 damage)
             ... on level 2 of the Dungeon.
             The game lasted 00:01:10 (1242 turns).

lunkers the Chiller (Deep Elf Ice Elementalist)     Turns: 1242, Time: 00:01:10

Health: -3/19      AC:  2    Str:  5    XL:     3   Next: 28%
Magic:  6/10       EV: 13    Int: 20    God:
Gold:   54         SH:  0    Dex: 15    Spells: 2/9 levels left

rFire    . . .     SeeInvis .   (no weapon)
rCold    . . .     Faith    .   (no shield)
rNeg     . . .     Spirit   .   a - +0 robe
rPois    .         Reflect  .   (no helmet)
rElec    .         Harm     .   (no cloak)
rCorr    .         Rampage  .   (no gloves)
Will     .....                  (no boots)
Stlth    ++........             (no amulet)
HPRegen  0.06/turn              (no ring)
MPRegen  0.12/turn              (no ring)

@: frozen ramparts
A: no striking features
a: no special abilities


You were on level 2 of the Dungeon.
You visited 1 branch of the dungeon, and saw 2 of its levels.

You collected 54 gold pieces.

Inventory:

Armour
 a - a +0 robe (worn)
Scrolls
 e - a scroll of remove curse {unknown}
 f - a scroll of amnesia {unknown}
 i - a scroll of teleportation {unknown}
 j - a scroll of enchant weapon {unknown}
 k - a scroll of fear {unknown}
Potions
 b - a potion of degeneration {unknown}
 c - a potion of brilliance {unknown}
 d - a potion of curing {unknown}
 g - a potion of might {unknown}
 h - a potion of mutation {unknown}
 l - a potion of ambrosia {unknown}


   Skills:
 - Level 2.4 Dodging
 - Level 2.4 Stealth
 + Level 3.8 Spellcasting
 * Level 5.3 Ice Magic


You had 2 spell levels left.
You knew the following spells:

 Your Spells              Type           Power        Failure   Level
a - Freeze                Ice            ####         1%          1
b - Frozen Ramparts       Ice            ####..       4%          3
c - Ozocubu's Armour      Ice            ####....     4%          3

Your spell library contained the following spells:

 Spells                   Type           Power        Failure   Level
 Hailstorm                Conj/Ice       ##......     41%         4
 Summon Ice Beast         Ice/Summ       ##......     41%         4


Dungeon Overview and Level Annotations

Branches:
Dungeon (2/15)

Altars:


Message History

Confirm with . or Enter, or press ? or * to list all spells.
You freeze the adder.
The adder is heavily wounded.
The leopard gecko hisses angrily.
The adder closely misses you. The gnoll hits you with a +0 flail!
Ouch! That really hurt!
* * * LOW HITPOINT WARNING * * *
A gnoll comes into view.
Casting: Freeze (safe; 1% risk of failure)
Confirm with . or Enter, or press ? or * to list all spells.
The spell is quite dangerous to cast (4% risk of failure)!
Continue anyway?
Casting: Frozen Ramparts (quite dangerous; 4% risk of failure)
Press: ? - help, Dir - look around The walls around you are covered in ice.
The wall freezes the adder.
The adder seems to slow down.
The adder closely misses you.
A gnoll comes into view. It is wielding a +0 spear.
The wall freezes the gnoll.
The gnoll hits you with a +0 flail!
Ouch! That really hurt!
You die...

######≈≈≈≈# #≈≈≈≈≈#
♣ #≈≈≈≈≈# ♣.
##≈≈≈≈## ..P
#≈≈≈≈≈.## .P..
##≈≈≈≈≈..#
.P...####≈≈≈≈≈....#
g........≈≈≈≈≈....+
......S@≈≈≈≈≈.....#
......#g≈≈≈≈≈....##
.#... g.≈≈≈≈....##
...# ...≈≈≈#...##
.. #gl######+## .
..# #.. .#.


You could see 3 gnolls, an adder (slow), a leopard gecko and a goblin.

Vanquished Creatures
  An adder (D:2)
  An ooze (D:1)
  A dart slug (D:1)
  6 bats (D:1)
  A giant cockroach (D:1)
  3 hobgoblins (D:1)
  6 kobolds
  A frilled lizard (D:1)
  2 goblins (D:2)
  4 rats
26 creatures vanquished.

Vanquished Creatures (others)
  A plant (D:2)
1 creature vanquished.

Grand Total: 27 creatures vanquished

Notes
Turn   | Place    | Note
-------+----------+-------------------------------------------
     0 | D:1      | lunkers the Deep Elf Ice Elementalist began the quest for
                  | the Orb.
     0 | D:1      | Reached XP level 1. HP: 10/10 MP: 6/6
   323 | D:1      | Reached XP level 2. HP: 15/15 MP: 4/8
   684 | D:1      | Reached skill level 5 in Ice Magic
  1098 | D:2      | Reached XP level 3. HP: 19/19 MP: 7/10
  1214 | D:2      | Learned a level 3 spell: Frozen Ramparts
  1218 | D:2      | Learned a level 3 spell: Ozocubu's Armour
  1242 | D:2      | Slain by a gnoll

Illustrated notes

Levels and vault maps discovered:
D:1:      minmay_arrival_plants_in_alcoves, layout_basic, minmay_octomino_j4
D:2:      wander_river, layout_loops_corners, serial_forest,
          infiniplex_forest_clump_medium, infiniplex_forest_end_3,
          infiniplex_forest_lined_3_way, infiniplex_forest_end_2,
          infiniplex_forest_3_way, infiniplex_forest_lined_2,
          infiniplex_forest_end_1, infiniplex_forest_lined_2,
          infiniplex_forest_lined_3_way, st_stairs_6, minmay_misc_feat_roman,
          minmay_increasing_density, uniq_natasha

Skill      XL: |  1  2 |
---------------+-------+-----
Ice Magic      | 5 |  5.3
Dodging        | |  2.4
Stealth        | |  2.4
Spellcasting   | |  3.8

Action                   || total
-------------------------++-------
 Cast: Freeze            ||    40
       Frozen Ramparts   ||     1
Armor: Robe              ||     4
Dodge: Dodged            ||    23

Table legend: (Time is in decaauts)
 A = Elapsed time spent in this place.
 B = Non-inter-level travel time spent in this place.
 C = Inter-level travel time spent in this place.
 D = Time resting spent in this place.
 E = Time spent auto-exploring this place.
 F = Levels seen in this place.
 G = Mean time per level.
                   A        B        C        D        E       F      G
               +--------+--------+--------+--------+--------+-----+--------+
         Total |   1251 |   1224 |     27 |      0 |   1077 |   2 |  625.5 |
       Dungeon |   1251 |   1224 |     27 |      0 |   1077 |   2 |  625.5 |
               +--------+--------+--------+--------+--------+-----+--------+

Top non-repeatable levels by time:
     D:1: 1021 daAuts
     D:2: 230 daAuts
